 Dungeon Crawl Stone Soup version 0.20-a0-809-gaf7f668 (webtiles) character file.

351 Musica the Sneak (level 6, -11/36 HPs)
             Began as an Octopode Fire Elementalist on Mar 3, 2017.
             Killed from afar by an orc wizard (13 damage)
             ... with a puff of flame
             ... on level 4 of the Dungeon.
             The game lasted 00:09:58 (3311 turns).

Musica the Sneak (Octopode Fire Elementalist)       Turns: 3311, Time: 00:09:59

Health: -11/36     AC:  1    Str:  8    XL:     6   Next: 61%
Magic:  2/10       EV: 13    Int: 22    God:
Gold:   184        SH:  0    Dex: 12    Spells: 3/11 levels left

rFire    . . .     SeeInvis .   q - +2 dagger (venom)
rCold    . . .     Gourm    .   (no shield)
rNeg     . . .     Faith    .   (helmet restricted)
rPois    .         Spirit   .   (no amulet)
rElec    .         Reflect  .   x - +3 ring of intelligence
rCorr    .         Harm     .   (no ring)
MR       .....                  (no ring)
Stlth    ++++......             (no ring)
Regen    0.2/turn               (no ring)
MPRegen  0.2/turn               (no ring)
                                (no ring)
                                (no ring)

@: very slightly contaminated
A: almost no armour, stealthy swim, amphibious, 8 rings, constrict 8, camouflage
1, gelatinous body 1
a: no special abilities


You were on level 4 of the Dungeon.
You were hungry.

You visited 1 branch of the dungeon, and saw 5 of its levels.

You collected 184 gold pieces.

Inventory:

Hand Weapons
 d - a +0 hunting sling
 q - a +2 dagger of venom (weapon)
Missiles
 h - 54 bolts
 m - 21 sling bullets
 o - 3 tomahawks (quivered)
 C - 14 poisoned needles
Jewellery
 u - an uncursed amulet of faith
 x - a +3 ring of intelligence (left tentacle)
Scrolls
 i - 3 scrolls of remove curse
 j - a scroll of immolation
 l - a scroll of blinking
 w - 2 scrolls of identify
Potions
 c - a potion of curing {unknown}
 e - a potion of mutation {unknown}
 f - a potion of magic {unknown}
 g - a potion of resistance {unknown}
 p - a potion of agility {unknown}
 r - a potion of ambrosia {unknown}
 z - a potion of cancellation {unknown}
Books
 a - a book of Flames

   Spells                             Type                      Level
   a - Flame Tongue                   Conjuration/Fire             1
   b - Throw Flame                    Conjuration/Fire             2
   c - Conjure Flame                  Conjuration/Fire             3
   d - Inner Flame                    Hexes/Fire                   3
   e - Sticky Flame                   Conjuration/Fire             4
   f - Fireball                       Conjuration/Fire             5
 y - a book of Callings

   Spells                             Type                      Level
   a - Summon Small Mammal            Summoning                    1
   b - Call Imp                       Summoning                    2
   c - Call Canine Familiar           Summoning                    3
   d - Summon Guardian Golem          Hexes/Summoning              3
   e - Summon Lightning Spire         Summoning/Air                4
   f - Summon Ice Beast               Ice/Summoning                4
Comestibles
 b - 5 bread rations
 k - a chunk of flesh
 t - a meat ration
 v - 10 fruits
 B - a royal jelly


   Skills:
 + Level 2.2 Short Blades
 - Level 2.1 Dodging
 + Level 4.6 Stealth
 + Level 3.0 Spellcasting
 * Level 3.2 Conjurations
 * Level 0.4 Summonings
 + Level 4.3 Fire Magic


You had 3 spell levels left.
You knew the following spells:

 Your Spells              Type           Power        Failure   Level  Hunger
a - Flame Tongue          Conj/Fire      ###..        2%          1    None
b - Throw Flame           Conj/Fire      ###...       4%          2    ##.....
c - Conjure Flame         Conj/Fire      ###.....     10%         3    ###....
d - Call Imp              Summ           #.......     17%         2    ##.....


Dungeon Overview and Level Annotations

Branches:
Dungeon (5/15)
 Temple: D:4-7

Altars:
Ru
Xom


Innate Abilities, Weirdness & Mutations

You cannot wear most types of armour.
You are very stealthy in the water. (Stealth+)
You are amphibious.
You can wear up to eight rings at the same time.
You can use your tentacles to constrict eight enemies at once.
Your skin changes colour to match your surroundings (Stealth+).
Your rubbery body absorbs attacks. (AC +1, EV +1)


Message History

You completely miss the orc. You grab the orc.
The orc is heavily wounded.
You constrict the orc. The orc hits you with a dagger.
The orc hits you but does no damage.
You hit the orc.
You kill the orc!
The orc hits you with a dagger.
* * * LOW HITPOINT WARNING * * *
You barely miss the orc. You grab the orc. You constrict the orc.
Something hits you.
* * * LOW HITPOINT WARNING * * *
The orc hits you with a dagger.
* * * LOW HITPOINT WARNING * * *
You hit the orc.
The orc is poisoned.
You squeeze the orc.
You kill the orc!
Something hits you but does no damage.
You hear some strange, mumbled words.
A puff of flame appears from out of thin air!
The puff of flame hits you!
You die...

##### ### #...# ######### ##..
#...# #.......# ##... #...#
#.......# #.... #...# #....[..#
#.... #...# ###.##.########....
#####...#####..................
......).....{.@..#..#######....
....).)....#...####...### ##...
....#.####..............# ##..
### #. ####.##.....#..## ##.
#.# ##.######.#...#####. ####
#.######..# #.#.....##.. ...##
#.##.....## #.###......#
#..###.#..##### #)# ###.....
#...##...## #[## ##.#.#


There were no monsters in sight!

Vanquished Creatures
  An orc priest (D:4)
  A centaur skeleton (D:4)
  An iguana (D:4)
  2 orc wizards (D:4)
  Natasha (thrice) (D:2)
  A worker ant (D:4)
  2 adders
  2 oozes
  2 worms (D:3)
  A dart slug (D:3)
  3 leopard geckos
  8 orcs
  7 giant cockroaches
  8 goblins
  8 hobgoblins
  5 jackals
  5 kobolds
  3 quokkas
  4 bats
  6 frilled lizards
  14 rats
87 creatures vanquished.

Notes
Turn   | Place    | Note
-------+----------+-------------------------------------------
     0 | D:1      | Musica the Octopode Fire Elementalist began the quest for the Orb.
     0 | D:1      | Reached XP level 1. HP: 11/11 MP: 3/3
   207 | D:1      | Reached XP level 2. HP: 17/17 MP: 3/5
   211 | D:1      | Learned a level 2 spell: Throw Flame
   546 | D:1      | Reached XP level 3. HP: 18/21 MP: 1/6
   552 | D:1      | Learned a level 3 spell: Conjure Flame
  1409 | D:3      | Reached XP level 4. HP: 24/27 MP: 7/7
  1617 | D:3      | Found a shimmering altar of Xom.
  1682 | D:3      | Found a sacrificial altar of Ru.
  2119 | D:2      | Noticed Natasha
  2121 | D:2      | Killed Natasha
  2121 | D:2      | Reached XP level 5. HP: 12/31 MP: 4/9
  2155 | D:2      | Noticed Natasha
  2159 | D:2      | Killed Natasha
  2513 | D:2      | Noticed Natasha
  2516 | D:2      | Killed Natasha
  2765 | D:4      | Reached skill level 1 in Short Blades
  2794 | D:4      | Reached XP level 6. HP: 25/36 MP: 10/10
  2810 | D:5      | Entered Level 5 of the Dungeon
  3192 | D:4      | Learned a level 2 spell: Call Imp
  3303 | D:4      | HP: 1/36 [orc/dagger (1)]
  3311 | D:4      | Killed from afar by an orc wizard

Vault maps used:
D:1:      matt_arrival_los_fun
D:2:      uniq_natasha
D:3:      nicolae_ru_awakened_eye, lemuel_coloured_pillars_altar, first_bread,
          gup_sewer_entry_bubbles, minivault_26
D:5:      marbit_many_paths, serial_shops, shop, minmay_fountain_box

Skill      XL: |  1  2  3  4  5  6 |
---------------+-------------------+-----
Fire Magic     | 4 |  4.3
Conjurations   | 2 3 |  3.2
Stealth        | 3 4 |  4.6
Short Blades   | 1 2 |  2.2
Spellcasting   | 3 |  3.0
Dodging        | |  2.1
Summonings     | |  0.4

Action                   |  1- 3 |  4- 6 || total
-------------------------+-------+-------++-------
Melee: Unarmed           |    27 |       ||    27
       Constrict         |    10 |    18 ||    28
       Tentacles         |    10 |    16 ||    26
       Dagger            |    30 |    90 ||   120
 Cast: Flame Tongue      |    36 |    10 ||    46
       Throw Flame       |     2 |    16 ||    18
  Use: Scroll            |       |     7 ||     7
 Stab: Sleeping          |     8 |     6 ||    14
       Distracted        |       |     1 ||     1
  Eat: Chunk             |     2 |     6 ||     8
Armor: Skin              |     9 |     1 ||    10
Dodge: Dodged            |    51 |    39 ||    90
